 Dungeon Crawl Stone Soup version 0.27-a0-789-g6bb3289e1e (webtiles) character file.

Game seed: 1054931020990957138

83 rageheart7 the Twirler (level 4, -7/35 HPs)
             Began as a Djinni Gladiator on Mar 26, 2021.
             Mangled by an ogre
             ... wielding a +0 giant club
              (25 damage)
             ... on level 4 of the Dungeon.
             The game lasted 00:03:27 (3248 turns).

rageheart7 the Twirler (Djinni Gladiator)           Turns: 3248, Time: 00:03:27

Health: -7/35      AC:  6    Str: 14    XL:     4   Next: 44%
Gold:   97         EV: 13    Int: 10    God:
                   SH:  0    Dex: 14

rFire    + + +     SeeInvis .   a - +1 quarterstaff
rCold    x . .     Faith    .   (shield currently unavailable)
rNeg     . . .     Spirit   .   g - +2 robe {rF+}
rPois    ∞         Reflect  .   c - +0 helmet
rElec    .         Harm     .   (no cloak)
rCorr    .         Rampage  .   k - +0 pair of gloves
Will     .....                  (boots unavailable)
Stlth    +.........             (no amulet)
HPRegen  0.11/turn              (no ring)
MPRegen  0.00/turn              (no ring)

@: flying
A: fire resistance 2, cold vulnerability 1, float, innate caster, hp casting,
extra vitality 1
a: no special abilities


You were on level 4 of the Dungeon.
You visited 1 branch of the dungeon, and saw 4 of its levels.

You collected 97 gold pieces.

Inventory:

Hand Weapons
 a - a +1 quarterstaff (weapon)
Missiles
 d - 3 throwing nets (quivered)
Armour
 c - a +0 helmet (worn)
 g - a +2 robe of fire resistance (worn)
 k - a +0 pair of gloves (worn)
Scrolls
 b - 2 scrolls of fear
 j - a scroll of magic mapping
 o - a scroll of teleportation
Potions
 e - a potion of cancellation {unknown}
 f - a potion of ambrosia {unknown}
 h - a potion of flight {unknown}
 i - a potion of curing
 m - a potion of might {unknown}
 n - a potion of magic {unknown}
 p - a potion of degeneration {unknown}


   Skills:
 * Level 3.4 Fighting
 * Level 3.8 Staves
 - Level 1.5 Throwing
 - Level 3.2 Dodging


You had 2 spell levels left.
You knew the following spells:

 Your Spells              Type           Power      Damage    Failure   Level
a - Apportation           Tloc           0%         N/A       36%         1
Your spell library was empty.

Dungeon Overview and Level Annotations

Branches:
Dungeon (4/15)
 Temple: D:4-7

Altars:
Gozag
Nemelex Xobeh

Shops:
D:2 *

Annotations:
D:3 2 transporters


Innate Abilities, Weirdness & Mutations

You are immune to poison.
Your flesh is very heat resistant. (rF++)
You are vulnerable to cold. (rC-)
You float through the air rather than walking.
You learn spells naturally, not from books.
Your magical power is your life essence.
You have superior vitality. (+4 HP)


Message History

A jackal skeleton comes into view.
A jackal skeleton is nearby!
Found a scroll of magic mapping.
The helpless jackal skeleton fails to defend itself.
You hit the jackal skeleton.
The jackal skeleton is severely damaged.
The jackal skeleton closely misses you.
You sock the jackal skeleton!
You destroy the jackal skeleton!
No target in view!
No target in view!
j - a scroll of magic mapping No target in view!
An endoplasm comes into view.
The endoplasm quivers.
An endoplasm is nearby!
The endoplasm hits you but does no damage.
You hit the endoplasm.
You kill the endoplasm!
You now have 97 gold pieces (gained 15).
An ogre comes into view. It is wielding a +0 giant club.
The ogre shouts!
An ogre is nearby!
A hobgoblin comes into view.
The hobgoblin shouts!
You hear a shout!
There are monsters nearby!
The ogre barely misses you.
An orc comes into view. It is wielding a +0 flail.
There are monsters nearby!
You hit the ogre.
The ogre is lightly wounded.
The ogre barely misses you. The ogre completely misses you.
You sock the ogre!
The ogre is moderately wounded.
The ogre hits you with a +0 giant club!
You barely miss the ogre.
The ogre is moderately wounded.
The ogre hits you with a +0 giant club!!
Ouch! That really hurt!
You die...

# # ##### .... #
#...# .... #...#
..... ##..## .....
##..## ##.. ......
##..## #... ###o...
#..## ##..# ##.Og#
..## ##...###.@# .##
#....#...## .#
##.......## .#
##........#
..####.........#
...............##
#...............####
##......###..........
#.....## ##..#####..


You could see an ogre, an orc and a hobgoblin.

Vanquished Creatures
  An adder (D:2)
  3 dart slugs (D:3)
  An orc (D:2)
  8 ball pythons
  7 endoplasms
  6 giant cockroaches
  4 goblins
  5 hobgoblins
  4 jackals (D:2)
  4 quokkas
  4 bats
  5 frilled lizards
  A jackal skeleton (D:4)
  10 kobolds
  A rat (D:2)
64 creatures vanquished.

Notes
Turn   | Place    | Note
-------+----------+-------------------------------------------
     0 | D:1      | rageheart7 the Djinni Gladiator began the quest for the
                  | Orb.
     0 | D:1      | Reached XP level 1. HP: 18/18 MP: 0/0
   309 | D:1      | Reached XP level 2. HP: 23/24 MP: 0/0
   684 | D:1      | Reached XP level 3. HP: 29/29 MP: 0/0
   684 | D:1      | Learned a level 1 spell: Apportation
  1423 | D:2      | Found an opulent altar of Gozag.
  1432 | D:2      | Found Gozag's Platinum Reserve.
  1658 | D:2      | Reached XP level 4. HP: 32/35 MP: 0/0
  2289 | D:3      | Noticed a kobold demonologist
  2292 | D:3      | Found a transporter.
  2442 | D:3      | Found a transporter.
  2599 | D:3      | Found a sparkling altar of Nemelex Xobeh.
  3242 | D:4      | Noticed an ogre
  3248 | D:4      | Mangled by an ogre

Illustrated notes

Levels and vault maps discovered:
D:1:      ncdulo_wetmaze, layout_basic, minmay_cupped
D:2:      layout_basic, nicolae_gozag_zags_fifth_avenue, item_on_display_a
D:3:      gammafunk_wand_slinger, layout_basic, nemelex_spade_bored_becter
D:4:      layout_layer_cave

Skill      XL: |  1  2  3 |
---------------+----------+-----
Staves         | 3 |  3.8
Fighting       | 3 |  3.4
Throwing       | |  1.5
Dodging        | |  3.2

Action                   |  1- 3 |  4- 6 || total
-------------------------+-------+-------++-------
Melee: Quarterstaff      |   120 |    53 ||   173
  Use: Scroll            |     3 |     6 ||     9
       Potion            |     1 |       ||     1
 Stab: Sleeping          |     2 |     3 ||     5
Armor: Leather armour    |     7 |       ||     7
       Robe              |    50 |    19 ||    69
Dodge: Dodged            |   118 |    45 ||   163

Table legend: (Time is in decaauts)
 A = Elapsed time spent in this place.
 B = Non-inter-level travel time spent in this place.
 C = Inter-level travel time spent in this place.
 D = Time resting spent in this place.
 E = Time spent auto-exploring this place.
 F = Levels seen in this place.
 G = Mean time per level.
                   A        B        C        D        E       F      G
               +--------+--------+--------+--------+--------+-----+--------+
         Total |   3270 |   3175 |     95 |     17 |   2711 |   4 |  817.5 |
       Dungeon |   3270 |   3175 |     95 |     17 |   2711 |   4 |  817.5 |
               +--------+--------+--------+--------+--------+-----+--------+

Top non-repeatable levels by time:
     D:1: 1224 daAuts
     D:2: 955 daAuts
     D:3: 933 daAuts
     D:4: 156 daAuts
